AoeStats
← tjcameron2011

Arena

510352448Analyzed
1v1 RM · 1d ago on Sep 30, 2026· 72m 24s· 2 players
Game mode
Random Map
Map size
Tiny (2 player)
Population
200
Speed
Normal
Resources
Standard
Victory
Conquest
Starting age
Dark Age
Ending age
Imperial Age
RankedLock teamsTeams togetherTeam positionsShared explorationLock speedFull tech treeHidden civsTurbo modeCheats
Victory
Defeat
🇪🇸 Spanish · Spain
612
+16
🇺🇸 Japanese · United States
617
-16
Coronake
11:42 Feudal Age
12:17 Town Watch
13:12 Wheelbarrow
12:38 Loom
14:55 Double-Bit Axe
14:55 Horse Collar
16:00 Bloodlines
20:32 Castle Age
19:03 Gold Mining
19:05 Stone Mining
19:13 Fletching
20:08 Bloodlines
20:37 Forging
23:54 Forging
25:38 Bow Saw
25:37 Heavy Plow
26:50 Hand Cart
28:12 Bodkin Arrow
29:39 Iron Casting
29:41 Scale Barding Armor
29:37 Scale Mail Armor
29:59 Ballistics
31:20 Stone Shaft Mining
30:59 Herbal Medicine
31:58 Bodkin Arrow
32:07 Town Patrol
32:16 Squires
33:04 Masonry
33:07 Fortified Wall
33:22 Murder Holes
34:06 Chain Barding Armor
34:07 Chain Mail Armor
33:53 Padded Archer Armor
34:47 Husbandry
35:36 Chain Barding Armor
35:29 Light Cavalry
35:34 Pikeman
36:00 Arson
36:00 Gambesons
36:35 Leather Archer Armor
37:47 Coinage
37:10 Guard Tower
40:40 Imperial Age
40:24 Elite Skirmisher
41:11 Thumb Ring
41:44 Conscription
41:59 Ring Archer Armor
41:30 Bracer
42:06 Plate Barding Armor
42:01 Plate Mail Armor
42:32 Blast Furnace
40:55 Cavalier
40:58 Hussar
43:15 Hoardings
45:13 Two-Man Saw
45:28 Chemistry
44:17 Halberdier
45:11 Capped Ram
46:51 Architecture
49:58 Arrowslits
50:51 Keep
50:43 Paladin
52:10 Guilds
58:03 Siege Ram
58:26 Sappers
58:59 Inquisition
69:08 Supremacy
tjcameron2011
10:29 Feudal Age
12:10 Wheelbarrow
11:27 Double-Bit Axe
11:24 Horse Collar
17:03 Castle Age
16:01 Scale Mail Armor
16:16 Forging
17:03 Gold Mining
17:24 Stone Mining
18:55 Bow Saw
19:30 Heavy Plow
19:44 Fervor
21:57 Gold Shaft Mining
22:12 Hand Cart
24:13 Iron Casting
23:48 Loom
24:45 Squires
25:32 Scale Barding Armor
24:58 Pikeman
26:49 Fletching
26:59 Padded Archer Armor
28:39 Leather Archer Armor
29:23 Ballistics
29:17 Crossbowman
30:04 Town Watch
31:09 Bodkin Arrow
31:21 Treadmill Crane
31:52 Masonry
31:57 Redemption
33:09 Thumb Ring
33:55 Arson
34:28 Chain Mail Armor
34:33 Chain Barding Armor
33:42 Elite Skirmisher
35:46 Guard Tower
36:08 Fortified Wall
35:54 Murder Holes
39:18 Imperial Age
38:16 Gambesons
38:37 Yasama
41:08 Two-Man Saw
39:32 Halberdier
39:36 Arbalester
40:37 Block Printing
40:53 Elite Samurai
41:54 Conscription
41:55 Kataparuto
42:25 Plate Mail Armor
44:29 Town Patrol
45:03 Ring Archer Armor
44:34 Bracer
45:34 Blast Furnace
45:36 Block Printing
45:51 Illumination
47:02 Parthian Tactics
46:37 Arrowslits
47:28 Keep
47:54 Chemistry
47:00 Siege Engineers
55:27 Husbandry
54:49 Cavalier
55:41 Bloodlines
54:51 Light Cavalry
71:30 Man-at-Arms
Connection lost

Rejoining the realm…

Still unreachable

The connection could not be restored.

Session expired

The server has moved on; the page needs a fresh start.